 Dungeon Crawl Stone Soup version 0.29-a0-362-g5854e031c7 (webtiles) character file.

Game seed: 18186700590410764997

46 hwolsky the Ruffian (level 3, -1/28 HPs)
             Began as a Draconian Transmuter on Apr 29, 2022.
             Was a High Priest of Ignis.
             Killed by divine providence
             ... invoked by an orc priest
              (10 damage)
             ... on level 3 of the Dungeon.
             The game lasted 00:12:30 (2150 turns).

hwolsky the Ruffian (Draconian Transmuter)          Turns: 2150, Time: 00:12:31

Health: -1/28      AC:  5    Str: 14    XL:     3   Next: 46%
Magic:  5/6        EV: 12    Int: 13    God:    Ignis [*****.]
Gold:   145        SH:  0    Dex: 11    Spells: 5/6 levels left

rFire   + + .      SeeInvis .   g - +0 short sword
rCold   x . .      Faith    .   (no shield)
rNeg    . . .      Spirit   .   (body armour unavailable)
rPois   .          Reflect  .   (helmet currently unavailable)
rElec   .          Harm     .   (no cloak)
rCorr   .          Rampage  .   (no gloves)
Will    .....                   (boots currently unavailable)
Stlth   +.........              (no amulet)
HPRegen 0.09/turn               h - ring of fire
MPRegen 0.10/turn               (no ring)

@: appendages
A: horns 2, talons 2, AC +5, unfitting armour, cold-blooded
a: End Transformation, Renounce Religion, Fiery Armour, Foxfire Swarm, Rising
Flame


You were on level 3 of the Dungeon.
You worshipped Ignis.
Ignis was extremely pleased with you.
You had temporarily grown beastly horns and talons.
You visited 1 branch of the dungeon, and saw 3 of its levels.

You collected 145 gold pieces.

Inventory:

Hand Weapons
 b - a +0 dagger
 g - a +0 short sword (weapon)
 j - a +0 club
Missiles
 d - 90 stones
Armour
 l - a +1 chain mail of poison resistance
Jewellery
 h - a ring of fire (left hand)
Wands
 i - a wand of digging (4)
Scrolls
 c - 2 scrolls of identify
 k - a scroll of teleportation {unknown}
Potions
 a - a potion of lignification
 e - 2 potions of brilliance
 f - a potion of flight


   Skills:
 + Level 1.4 Fighting
 - Level 0.5 Short Blades
 + Level 2.1 Dodging
 - Level 0.2 Stealth
 + Level 3.7 Unarmed Combat
 + Level 2.2 Spellcasting
 + Level 2.2 Transmutations


You had 5 spell levels left.
You knew the following spells:

 Your Spells              Type           Power      Damage    Failure   Level
a - Beastly Appendage     Tmut           14%        N/A       10%         1

Your spell library contained the following spells:

 Spells                   Type           Power      Damage    Failure   Level
 Wereblood                Tmut           7%         N/A       16%         2
 Spider Form              Tmut/Pois      4%         N/A       43%         3
 Ice Form                 Ice/Tmut       4%         N/A       83%         4


Dungeon Overview and Level Annotations

Branches:
Dungeon (3/15)

Altars:
Sif Muna
Ignis


Innate Abilities, Weirdness & Mutations

You have temporarily grown beastly horns and talons.
Your plain brown scales are hard. (AC +5)
You cannot fit into any form of body armour.
You are cold-blooded and may be slowed by cold attacks.


Message History

The endoplasm closely misses you.
You hit the endoplasm.
You kill the endoplasm!
You now have 145 gold pieces (gained 6).
An orc priest comes into view. It is wielding a +0 flail.
Found 5 gold pieces.
An orc comes into view. It is wielding a +0 club.
The orc priest shouts!
You hear a shout!
An orc comes into view. It is wielding a +0 club.
You hear a shout!
The orc shouts!
The orc shouts!
An orc comes into view. It is wielding a +0 mace.
The orc priest attacks as you move away!
The orc priest barely misses you.
You hit the orc priest but do no damage.
The orc priest hits you with a +0 flail.
You closely miss the orc priest.
Your tail-slap misses the orc priest.
The orc priest calls down the wrath of Beogh upon you.
Beogh smites you!
You closely miss the orc priest.
The orc priest hits you but does no damage.
You closely miss the orc priest.
The orc priest looks satisfied for a moment.
You hit the orc priest.
The orc priest is lightly wounded.
An orc comes into view. It is wielding a +0 hand axe.
The orc priest barely misses you.
You hit the orc priest.
The orc priest is heavily wounded.
The orc priest hits you with a +0 flail.
You hit the orc priest.
The orc priest is almost dead.
The orc priest barely misses you.
Casting: Beastly Appendage (safe; 10% risk of failure)
Confirm with . or Enter, or press ? or * to list all spells.
You grow a pair of large bovine horns.
Your feet morph into talons.
The orc priest invokes the aid of Beogh against you.
Beogh smites you!
You die...

#$... #...## #..o.
.####..o#
........#
.####...# .# #...#
#.# #..o########.
#.####.ooo@.......
........o#########
#.####.#.# #.#
#.#.#
#######.####.#.#
...............#
######...###.###
#####.....##.#
...........#.#


You could see an orc priest and 4 orcs.

Vanquished Creatures
  A worm (D:2)
  A dart slug (D:1)
  4 endoplasms
  4 goblins
  2 hobgoblins
  3 jackals (D:1)
  A kobold (D:1)
  6 quokkas
  4 ball pythons
  3 bats
  6 frilled lizards
  4 rats
39 creatures vanquished.

Notes
Turn   | Place    | Note
-------+----------+-------------------------------------------
     0 | D:1      | hwolsky the Draconian Transmuter began the quest for the
                  | Orb.
     0 | D:1      | Reached XP level 1. HP: 16/16 MP: 3/3
   133 | D:1      | Reached XP level 2. HP: 13/23 MP: 5/5
  1267 | D:1      | Found a shimmering blue altar of Sif Muna.
  1406 | D:2      | Found a faded altar of an unknown god.
  1415 | D:2      | Reached XP level 3. HP: 28/28 MP: 6/6
  1430 | D:2      | Prayed at the altar of an unknown god.
  1430 | D:2      | Became a worshipper of Ignis, the Dying Flame
  2150 | D:3      | Killed from afar by an orc priest

Illustrated notes

Levels and vault maps discovered:
D:1:      dpeg_arrival_water_altar, layout_basic
D:2:      layout_rooms, shapermc_ecumenical_altar_notcrosses,
          wander_ebering_terrifying_dragon_lair
D:3:      layout_loops_ring, minmay_circle_x, uniq_crazy_yiuf_cottage

Skill      XL: |  1 |
---------------+----+-----
Dodging        | 2 |  2.1
Fighting       | |  1.4
Short Blades   | |  0.5
Stealth        | |  0.2
Unarmed Combat | |  3.7
Spellcasting   | |  2.2
Transmutations | |  2.2

Action                   || total
-------------------------++-------
Melee: Unarmed           ||    32
       Kick              ||     5
       Headbutt          ||     4
       Tailslap          ||    14
       Punch             ||     4
       Dagger            ||    55
       Short sword       ||    50
 Cast: Beastly Appendage ||     6
  Use: Scroll            ||     2
       Potion            ||     4
 Stab: Sleeping          ||     1
Armor: Skin              ||    27
Dodge: Dodged            ||    85

Table legend: (Time is in decaauts)
 A = Elapsed time spent in this place.
 B = Non-inter-level travel time spent in this place.
 C = Inter-level travel time spent in this place.
 D = Time resting spent in this place.
 E = Time spent auto-exploring this place.
 F = Levels seen in this place.
 G = Mean time per level.
                   A        B        C        D        E       F      G
               +--------+--------+--------+--------+--------+-----+--------+
         Total |   2169 |   2151 |     18 |      0 |   1320 |   3 |  723.0 |
       Dungeon |   2169 |   2151 |     18 |      0 |   1320 |   3 |  723.0 |
               +--------+--------+--------+--------+--------+-----+--------+

Top non-repeatable levels by time:
     D:1: 1386 daAuts
     D:2: 708 daAuts
     D:3: 74 daAuts
